 Dungeon Crawl Stone Soup version 0.28.0-53-g5a82cb258f (webtiles) character file.

Game seed: 9128512120734378794

193 Descartes the Gusty (level 5, -1/31 HPs)
             Began as a Deep Elf Wanderer on July 2, 2022.
             Slain by a kobold brigand
             ... wielding a +1 dagger of protection
              (2 damage)
             ... in a sewer.
             The game lasted 00:12:27 (4086 turns).

Descartes the Gusty (Deep Elf Wanderer)             Turns: 4086, Time: 00:12:27

Health: -1/31      AC:  2    Str:  8    XL:     5   Next: 44%
Magic:  12/12      EV: 12    Int: 19    God:
Gold:   130        SH:  0    Dex: 15    Spells: 9/11 levels left

rFire   . . .      SeeInvis .   a - +0 dagger
rCold   . . .      Faith    .   (no shield)
rNeg    . . .      Spirit   .   b - +0 robe
rPois   .          Reflect  .   (no helmet)
rElec   .          Harm     .   (no cloak)
rCorr   .          Rampage  .   (no gloves)
Will    .....                   (no boots)
Stlth   +.........              (no amulet)
HPRegen 0.10/turn               (no ring)
MPRegen 0.13/turn               (no ring)

@: very slightly contaminated, very slow
A: no striking features
a: no special abilities


You were in a sewer.
You visited 1 branch of the dungeon, and saw 3 of its levels.
You also visited: Sewer.

You collected 130 gold pieces.

Inventory:

Hand Weapons
 a - a +0 dagger (weapon)
Missiles
 i - 59 stones (quivered)
Armour
 b - a +0 robe (worn)
 l - a +0 leather armour
Wands
 f - a wand of charming (7)
Scrolls
 j - a scroll of teleportation
 n - a scroll of immolation
Potions
 d - a potion of ambrosia {unknown}
 g - 2 potions of lignification {unknown}
 h - 2 potions of magic
 k - a potion of haste {unknown}


   Skills:
 - Level 2.4 Fighting
 + Level 2.5 Dodging
 + Level 3.5 Spellcasting
 + Level 2.3 Conjurations
 + Level 2.6 Ice Magic
 + Level 4.6 Air Magic
 - Level 1.0 Invocations


You had 9 spell levels left.
You knew the following spells:

 Your Spells              Type           Power      Damage    Failure   Level
a - Shock                 Conj/Air       64%        1d7       3%          1
b - Freeze                Ice            52%        1d7       4%          1

Your spell library contained the following spells:

 Spells                   Type           Power      Damage    Failure   Level
 Ozocubu's Armour         Ice            13%        N/A       14%         3
 Mephitic Cloud           Conj/Pois/Air  12%        N/A       17%         3
 Airstrike                Air            10%        N/A       22%         4


Dungeon Overview and Level Annotations

Branches:
Dungeon (3/15)              Sewer (1/1)

Altars:
Qazlal
Ru


Message History

You freeze the kobold brigand!
The kobold brigand is almost dead.
The kobold brigand splashes around in the water.
Casting: Freeze (safe; 4% risk of failure)
Confirm with . or Enter, or press ? or * to list all spells.
Aiming: Freeze (safe; 4% risk of failure)
Press: ? - help, Shift-Dir - straight line, f/p - kobold brigand
Aim: a kobold brigand, wielding a +1 dagger of protection and quivering poisoned darts (almost dead)
You miscast Freeze.
You are very lightly contaminated with residual magic.
Nothing appears to happen.
The kobold brigand hits you with a +1 dagger of protection.
Your unstable footing causes you to fumble your attack.
The kobold brigand hits you with a +1 dagger of protection.
* * * LOW HITPOINT WARNING * * *
Your unstable footing causes you to fumble your attack.
The kobold brigand hits you with a +1 dagger of protection.
* * * LOW HITPOINT WARNING * * *
You barely miss the kobold brigand.
The kobold brigand is almost dead.
The kobold brigand hits you with a +1 dagger of protection!
* * * LOW HITPOINT WARNING * * *
You feel better. The kobold brigand barely misses you.
Casting: Freeze (safe; 4% risk of failure)
Confirm with . or Enter, or press ? or * to list all spells.
Aiming: Freeze (safe; 4% risk of failure)
Press: ? - help, Shift-Dir - straight line, f/p - kobold brigand
Aim: a kobold brigand, wielding a +1 dagger of protection and quivering poisoned darts (almost dead)
You miscast Freeze.
Nothing appears to happen.
The kobold brigand hits you with a +1 dagger of protection!
* * * LOW HITPOINT WARNING * * *
Casting: Freeze (safe; 4% risk of failure)
Confirm with . or Enter, or press ? or * to list all spells.
You don't have enough magic to cast this spell.
Casting: Freeze (safe; 4% risk of failure)
Confirm with . or Enter, or press ? or * to list all spells.
You don't have enough magic to cast this spell.
It was a potion of magic.
Magic courses through your body.
The kobold brigand hits you with a +1 dagger of protection.
You die...

##### ##..≈##
##≈.≈.≈# ≈≈.†≈.#
..≈≈≈ .≈ ... #≈# #K#
##≈# #@# ≈≈# #≈# #≈#
#≈# ##≈## ##≈## #
##≈≈.## ##.≈.##
#####..≈..####†.≈..#
≈≈≈≈≈≈≈≈≈.≈≈≈).≈.≈≈#
#####≈....####≈....#
# ##...## ##.≈.##


You could see a kobold brigand.

Vanquished Creatures
  Ijyb (D:3)
  5 adders
  4 river rats
  3 dart slugs
  3 worms
  3 bats
  7 endoplasms
  4 giant cockroaches
  7 goblins
  3 hobgoblins
  6 jackals (D:1)
  A quokka (D:3)
  9 ball pythons
  5 frilled lizards
  5 kobolds
  10 rats
76 creatures vanquished.

Notes
Turn   | Place    | Note
-------+----------+-------------------------------------------
     0 | D:1      | Descartes the Deep Elf Wanderer began the quest for the
                  | Orb.
     0 | D:1      | Descartes set off with the following items: a +0 dagger, a
                  | +0 robe, a potion of curing; and the following spells
                  | available to memorise: Shock, Freeze, Mephitic Cloud,
                  | Ozocubu's Armour, Airstrike
     0 | D:1      | Reached XP level 1. HP: 13/13 MP: 5/5
     2 | D:1      | Learned a level 1 spell: Shock
     4 | D:1      | Learned a level 1 spell: Freeze
   474 | D:1      | Reached XP level 2. HP: 18/18 MP: 0/6
   555 | D:1      | Found a faded altar of an unknown god.
   692 | D:1      | Reached skill level 1 in Dodging
  1043 | D:1      | Reached skill level 1 in Conjurations
  1371 | D:1      | Reached XP level 3. HP: 22/22 MP: 6/8
  2654 | D:2      | Reached XP level 4. HP: 27/27 MP: 8/10
  3382 | D:3      | Found a sacrificial altar of Ru.
  3383 | D:3      | Found a stormy altar of Qazlal.
  3414 | D:3      | Noticed Ijyb
  3433 | D:3      | Killed Ijyb
  3601 | D:3      | Reached XP level 5. HP: 23/31 MP: 7/11
  3606 | D:3      | Found a glowing drain.
  3636 | Sewer    | Entered a sewer
  4083 | Sewer    | HP: 1/31 [kobold brigand/+1 dagger of protection (7)]
  4086 | Sewer    | Slain by a kobold brigand

Illustrated notes

Levels and vault maps discovered:
D:1:      wander_arrival_fairy_ring, layout_loops_corners,
          chequers_ecumenical_altar_twisty
D:2:      layout_loops_corners
D:3:      wander_river, layout_basic, mainiacjoe_overflow_divided_tiny,
          portal_sewer_entry_a, uniq_ijyb
Sewer:    sewer_co_15_rooms

Skill      XL: |  1  2  3  4 |
---------------+-------------+-----
Spellcasting   | 2 3 |  3.5
Dodging        | 1 2 |  2.5
Conjurations   | 1 2 |  2.3
Ice Magic      | 2 |  2.6
Fighting       | |  2.4
Air Magic      | |  4.6
Invocations    | |  1.0

Action                   |  1- 3 |  4- 6 || total
-------------------------+-------+-------++-------
Melee: Dagger            |     5 |     4 ||     9
 Cast: Shock             |    81 |    81 ||   162
       Freeze            |    18 |    20 ||    38
  Use: Scroll            |       |     6 ||     6
       Potion            |       |     3 ||     3
Armor: Robe              |     2 |     1 ||     3
Dodge: Dodged            |     7 |    11 ||    18
